 Dungeon Sprint DCSS version 0.21-a0-201-g8501b10 (webtiles) character file.

16701 Kidiri the Eclecticist (level 12, -30/75 HPs)
             Began as a Deep Elf Fire Elementalist on Aug 18, 2017.
             Was the Champion of Vehumet.
             Annihilated by an alligator snapping turtle (45 damage)
             ... in the Dungeon (Sprint III: "The Ten Rune Challenge").
             The game lasted 00:23:18 (3545 turns).

Kidiri the Eclecticist (Deep Elf Fire Elementalist) Turns: 3545, Time: 00:23:19

Health: -30/75     AC:  3    Str:  5    XL:     12   Next: 12%
Magic:  17/35      EV: 21    Int: 26    God:    Vehumet [******]
Gold:   29         SH:  0    Dex: 15    Spells: 5/46 levels left

rFire    . . .     SeeInvis .   j - +0 dagger
rCold    + . .     Gourm    .   (no shield)
rNeg     . . .     Faith    .   n - +1 robe {rC+}
rPois    .         Spirit   .   (no helmet)
rElec    .         Reflect  .   (no cloak)
rCorr    .         Harm     .   (no gloves)
MR       +....     NoTele   +   (no boots)
Stlth    ++........             (no amulet)
HPRegen  0.22/turn              (no ring)
MPRegen  0.24/turn              (no ring)

@: no status effects
A: talons 1, wild magic 1
a: Renounce Religion


You were in the Dungeon.
You worshipped Vehumet.
Vehumet was exalted by your worship.
You were very full.

You visited 1 branch You collected 29 gold pieces.

Inventory:

Hand Weapons
 j - a +0 dagger (weapon)
Armour
 n - a +1 robe of cold resistance (worn)
Wands
 u - a wand of lightning (9/15)
Scrolls
 i - a scroll of blinking
 l - a scroll of immolation
 p - a scroll of torment
 q - 2 scrolls of remove curse
Potions
 d - 2 potions of curing
 f - a potion of haste
 g - a potion of magic
 h - 2 potions of berserk rage
 k - 2 potions of mutation
 o - 4 potions of flight
 t - a potion of heal wounds
 v - a potion of might
Books
 e - a book of the Dragon

   Spells                             Type                      Level
   a - Flame Tongue                   Conjuration/Fire             1
   b - Cause Fear                     Hexes                        4
   c - Bolt of Fire                   Conjuration/Fire             6
   d - Dragon Form                    Transmutation                7
   e - Dragon's Call                  Summoning                    9
 s - a book of Minor Magic

   Spells                             Type                      Level
   a - Magic Dart                     Conjuration                  1
   b - Blink                          Translocation                2
   c - Call Imp                       Summoning                    2
   d - Slow                           Hexes                        2
   e - Conjure Flame                  Conjuration/Fire             3
   f - Mephitic Cloud                 Conjuration/Poison/Air       3
Comestibles
 a - 23 royal jellies
 c - a bread ration


   Skills:
 + Level 8.7 Fighting
 + Level 9.4 Short Blades
 + Level 8.5 Armour
 + Level 12.2 Dodging
 - Level 2.4 Stealth
 * Level 17.5 Spellcasting
 + Level 11.0 Conjurations
 + Level 11.5 Fire Magic
 + Level 6.8 Ice Magic
 + Level 8.6 Air Magic
 + Level 5.3 Earth Magic
 + Level 9.4 Poison Magic


You had 5 spell levels left.
You knew the following spells:

 Your Spells              Type           Power        Failure   Level  Hunger
a - Flame Tongue          Conj/Fire      #####        1%          1    None
b - Throw Flame           Conj/Fire      ######       1%          2    None
c - Conjure Flame         Conj/Fire      #######.     1%          3    None
d - Inner Flame           Hex/Fire       ######..     1%          3    None
e - Ignite Poison         Fire/Tmut/Pois ######..     1%          3    None
f - Sticky Flame          Conj/Fire      #######.     1%          4    None
g - Fireball              Conj/Fire      #######...   1%          5    None
h - Bolt of Magma         Conj/Fire/Erth #######...   1%          5    None
i - Bolt of Fire          Conj/Fire      #######...   1%          6    ###....
j - Freezing Cloud        Conj/Ice/Air   ######....   3%          6    ###....
k - Mephitic Cloud        Conj/Pois/Air  #######.     1%          3    None


Dungeon Overview and Level Annotations

Branches:
Dungeon (1/1)

Altars:
Cheibriados
Dithmenos
Elyvilon
Fedhas
Gozag
Hepliaklqana
Kikubaaqudgha
Makhleb
Nemelex Xobeh
Okawaru
Qazlal
Ru
Sif Muna
Trog
Uskayaw
Vehumet
Wu Jian
Xom
Yredelemnul
Zin
The Shining One
Beogh
Jiyva
Lugonu

Annotations:
D exclusion: 7 doors


Innate Abilities, Weirdness & Mutations

You have sharp toenails.
Your spells are a little harder to cast, but a little more powerful.


Message History

Unknown command.
Casting: Fireball
Confirm with . or Enter, or press ? or * to list all spells.
Aiming: Fireball
Press: ? - help, Shift-Dir - straight line, f/p - alligator snapping turtle
Aim: an alligator snapping turtle (steam, water, moderately wounded)
The fireball explodes!
The fireball engulfs the alligator snapping turtle.
The alligator snapping turtle is moderately wounded.
The fireball engulfs the alligator snapping turtle.
The alligator snapping turtle is severely wounded.
The fireball engulfs the alligator snapping turtle.
The alligator snapping turtle is severely wounded.
The alligator snapping turtle is engulfed in a cloud of scalding steam.
The alligator snapping turtle barely misses you.
The alligator snapping turtle bites you from afar!!
* * * LOW HITPOINT WARNING * * *
The alligator snapping turtle bites you from afar!!!
Ouch! That really hurt!
You die...

#≈≈≈≈§.≈≈≈♣ ###'♣♣♣♣♣
##+####'#######♣
♣♣♣♣.##..##
.........).....♣♣
♣...##.##.#
#+#############'♣
♣♣.##.##(##+
#≈P....%%....♣
♣..#.##...#
.+≈≈...########♣♣
♣♣.##.##.)#
.J#≈≈≈.........PP♣
♣♣.##.#####
..#≈≈≈≈P..PP....P♣
♣.....# #
###########@############
▓..t.........▓
▓tt§§.....P≈≈▓
▓§§§§....P≈≈≈▓
▓≈§§≈≈..≈≈≈≈≈▓
▓≈≈≈≈≈≈≈≈≈≈≈≈▓
▓≈≈≈≈≈≈≈≈≈≈≈≈▓
▓≈≈≈≈≈≈≈≈≈≈≈≈▓
▓≈≈≈≈≈≈≈≈≈≈≈≈▓


You could see 3 alligator snapping turtles.

Vanquished Creatures
  Rupert (D)
  A kraken (D)
  Erolcha (D)
  Urug (D)
  4 death yaks (D)
  A lindwurm (D)
  A deep elf mage (D)
  2 black mambas (D)
  2 spiny frogs (D)
  A rime drake (D)
  A komodo dragon (D)
  3 wandering mushrooms (D)
  A queen bee (D)
  2 tyrant leeches (D)
  8 blink frogs (D)
  2 snapping turtles (D)
  5 redbacks (D)
  A shadow (D)
  A spatial vortex (D)
  A swamp drake (D)
  A necrophage (D)
  5 two-headed ogres (D)
  A water elemental (D)
  31 killer bees (D)
  A jelly (D)
  Jessica (D)
  A necromancer (D)
  A wizard (D)
  A kobold demonologist (D)
  3 humans (D)
  A wolf (D)
  3 rats (D)
  A plant (D)
91 creatures vanquished.

Vanquished Creatures (others)
  2 draconian scorchers (D)
  Nessos (D)
  3 yaktaurs (D)
  6 hellions (D)
  A killer bee (D)
  8 tentacles (D)
21 creatures vanquished.

Grand Total: 112 creatures vanquished

Notes
Turn   | Place    | Note
-------+----------+-------------------------------------------
     0 | D        | Kidiri the Deep Elf Fire Elementalist began the quest for the Orb.
     0 | D        | Reached XP level 1. HP: 10/10 MP: 6/6
    41 | D        | Noticed Jessica
    45 | D        | Killed Jessica
    45 | D        | Reached skill level 1 in Fighting
    45 | D        | Reached skill level 1 in Armour
    45 | D        | Reached skill level 4 in Spellcasting
    45 | D        | Reached XP level 2. HP: 16/16 MP: 2/9
    49 | D        | Learned a level 2 spell: Throw Flame
    82 | D        | Killed a hellion
    91 | D        | Killed a yaktaur
   131 | D        | Reached skill level 5 in Spellcasting
   131 | D        | Reached XP level 3. HP: 12/21 MP: 0/11
   136 | D        | Learned a level 3 spell: Conjure Flame
   137 | D        | Killed a hellion
   137 | D        | Killed a hellion
   137 | D        | Killed a hellion
   140 | D        | Learned a level 3 spell: Inner Flame
   145 | D        | Killed a hellion
   145 | D        | Killed a hellion
   266 | D        | Killed a white draconian scorcher
   280 | D        | Gained mutation: You expend magic power (3 MP) to strengthen your wands. [potion of mutation]
   280 | D        | Gained mutation: You are partially covered in molten scales. (AC +2) [potion of mutation]
   281 | D        | Lost mutation: You expend magic power (3 MP) to strengthen your wands. [potion of mutation]
   281 | D        | Lost mutation: You are partially covered in molten scales. (AC +2) [potion of mutation]
   281 | D        | Gained mutation: Your spells are a little harder to cast, but a little more powerful. [potion of mutation]
   281 | D        | Gained mutation: You have sharp toenails. [potion of mutation]
   290 | D        | Noticed a water elemental
   292 | D        | Killed a water elemental
   292 | D        | Reached skill level 6 in Spellcasting
   292 | D        | Reached skill level 5 in Fire Magic
   292 | D        | Reached XP level 4. HP: 27/27 MP: 9/14
   298 | D        | Learned a level 4 spell: Sticky Flame
   303 | D        | Killed a white draconian scorcher
   327 | D        | Found a radiant altar of Vehumet.
   328 | D        | Found a deep blue altar of Sif Muna.
   328 | D        | Found an ancient bone altar of Kikubaaqudgha.
   328 | D        | Noticed a wizard
   332 | D        | Noticed a red devil
   333 | D        | Reached skill level 5 in Dodging
   333 | D        | Reached skill level 7 in Spellcasting
   335 | D        | HP: 1/27 [wizard/stone arrow (7)]
   337 | D        | Killed a wizard
   337 | D        | Reached XP level 5. HP: 20/32 MP: 0/17
   344 | D        | Learned a level 5 spell: Fireball
   354 | D        | Became a worshipper of Vehumet
   454 | D        | Found a glowing silver altar of Zin.
   455 | D        | Found a glowing golden altar of the Shining One.
   455 | D        | Found a white marble altar of Elyvilon.
   455 | D        | Noticed a deep elf mage
   464 | D        | Killed a deep elf mage
   464 | D        | Reached skill level 10 in Spellcasting
   464 | D        | Reached XP level 6. HP: 36/39 MP: 13/21
   464 | D        | Reached XP level 7. HP: 41/44 MP: 13/22
   469 | D        | Learned a level 3 spell: Mephitic Cloud
   512 | D        | Found an ornate altar of the Wu Jian Council.
   512 | D        | Found a roughly hewn altar of Beogh.
   512 | D        | Found an iron altar of Okawaru.
   512 | D        | Found a bloodstained altar of Trog.
   512 | D        | Found a hide-covered altar of Uskayaw.
   512 | D        | Noticed a human
   516 | D        | Noticed a human
   518 | D        | Killed a human
   518 | D        | Reached skill level 1 in Air Magic
   518 | D        | Reached skill level 1 in Poison Magic
   521 | D        | Killed a human
   521 | D        | Reached * piety under Vehumet
   521 | D        | Offered knowledge of Sting by Vehumet.
   521 | D        | Reached skill level 11 in Spellcasting
   529 | D        | Learned a level 6 spell: Bolt of Fire
   663 | D        | Found a basalt altar of Yredelemnul.
   663 | D        | Found a shadowy altar of Dithmenos.
   663 | D        | Found a sacrificial altar of Ru.
   696 | D        | Reached ** piety under Vehumet
   696 | D        | Offered knowledge of Sandblast by Vehumet.
   699 | D        | Noticed a shadow
   707 | D        | Killed a shadow
   707 | D        | Reached skill level 5 in Fighting
   707 | D        | Reached skill level 5 in Armour
   707 | D        | Reached XP level 8. HP: 49/49 MP: 9/25
   791 | D        | Found a blossoming altar of Fedhas.
   791 | D        | Found a stormy altar of Qazlal.
   791 | D        | Found a snail-covered altar of Cheibriados.
   791 | D        | Found a burning altar of Makhleb.
   791 | D        | Found a shimmering altar of Xom.
   792 | D        | Found a hazy altar of Hepliaklqana.
   792 | D        | Found an opulent altar of Gozag.
   792 | D        | Found a sparkling altar of Nemelex Xobeh.
   792 | D        | Found a corrupted altar of Lugonu.
   792 | D        | Found a viscous altar of Jiyva.
   894 | D        | Offered knowledge of Ignite Poison by Vehumet.
   894 | D        | Reached skill level 12 in Spellcasting
   899 | D        | Learned a level 3 spell: Ignite Poison
   904 | D        | Reached *** piety under Vehumet
   904 | D        | Reached skill level 5 in Short Blades
   959 | D        | Noticed a two-headed ogre
   968 | D        | Killed a two-headed ogre
   968 | D        | Offered knowledge of Airstrike by Vehumet.
  1064 | D        | Noticed a two-headed ogre
  1064 | D        | Noticed Erolcha
  1089 | D        | Killed a two-headed ogre
  1325 | D        | Reached XP level 9. HP: 37/55 MP: 12/27
  1580 | D        | Killed Erolcha
  1580 | D        | Reached **** piety under Vehumet
  1580 | D        | Offered knowledge of Irradiate by Vehumet.
  1580 | D        | Reached skill level 13 in Spellcasting
  1580 | D        | Reached skill level 5 in Poison Magic
  1663 | D        | Reached skill level 5 in Air Magic
  1687 | D        | Noticed a queen bee
  1692 | D        | Reached ***** piety under Vehumet
  1699 | D        | Reached skill level 14 in Spellcasting
  1702 | D        | Reached ****** piety under Vehumet
  1706 | D        | Killed a queen bee
  1709 | D        | Offered knowledge of Freezing Cloud by Vehumet.
  1710 | D        | Reached XP level 10. HP: 59/61 MP: 5/30
  1828 | D        | Learned a level 6 spell: Freezing Cloud
  1832 | D        | Reached skill level 10 in Dodging
  1837 | D        | Reached skill level 1 in Ice Magic
  1838 | D        | Offered knowledge of Lee's Rapid Deconstruction by Vehumet.
  1955 | D        | Killed Nessos
  2166 | D        | Noticed a spiny frog
  2166 | D        | Noticed a spiny frog
  2169 | D        | Killed a spiny frog
  2169 | D        | Killed a spiny frog
  2169 | D        | Offered knowledge of Bolt of Magma by Vehumet.
  2169 | D        | Reached skill level 15 in Spellcasting
  2169 | D        | Reached skill level 10 in Fire Magic
  2453 | D        | Noticed a lindwurm
  2456 | D        | Killed a lindwurm
  2627 | D        | Noticed Urug
  2725 | D        | Killed Urug
  2725 | D        | Reached XP level 11. HP: 64/68 MP: 15/32
  2785 | D        | Learned a level 5 spell: Bolt of Magma
  2810 | D        | Offered knowledge of Orb of Destruction by Vehumet.
  2885 | D        | Reached skill level 1 in Earth Magic
  2886 | D        | Reached skill level 10 in Conjurations
  2889 | D        | Reached skill level 16 in Spellcasting
  3009 | D        | Noticed Rupert
  3015 | D        | Killed Rupert
  3015 | D        | Reached skill level 5 in Ice Magic
  3092 | D        | Noticed a death yak
  3093 | D        | Noticed a death yak
  3095 | D        | Noticed a death yak
  3095 | D        | Killed a death yak
  3095 | D        | Offered knowledge of Conjure Ball Lightning by Vehumet.
  3096 | D        | Noticed a death yak
  3099 | D        | Killed a death yak
  3099 | D        | Killed a death yak
  3102 | D        | Killed a death yak
  3102 | D        | Reached skill level 17 in Spellcasting
  3111 | D        | Noticed an azure jelly
  3111 | D        | Noticed an azure jelly
  3276 | D        | Noticed a kraken
  3388 | D        | Offered knowledge of Bolt of Cold by Vehumet.
  3496 | D        | Killed a kraken
  3496 | D        | Reached skill level 5 in Earth Magic
  3496 | D        | Reached XP level 12. HP: 75/75 MP: 27/35
  3534 | D        | Noticed an alligator snapping turtle
  3534 | D        | Noticed an alligator snapping turtle
  3536 | D        | Noticed an alligator snapping turtle
  3545 | D        | Annihilated by an alligator snapping turtle

Vault maps used:
D:        dungeon_sprint_mu

Skill      XL: |  1  2  3  4  5  6  7  8  9 10 11 |
---------------+----------------------------------+-----
Fighting       | 1 2 4 5 6 7 8 |  8.7
Armour         | 1 2 3 4 5 6 7 8 |  8.5
Dodging        | 3 4 5 7 8 9 11 12 | 12.2
Spellcasting   | 4 5 6 7 10 11 12 14 15 17 | 17.5
Conjurations   | 2 3 4 6 7 8 9 11 | 11.0
Fire Magic     | 4 5 7 8 9 10 11 | 11.5
Short Blades   | 3 4 5 6 7 9 |  9.4
Air Magic      | 2 4 5 6 8 |  8.6
Poison Magic   | 3 4 6 7 9 |  9.4
Ice Magic      | 4 6 |  6.8
Earth Magic    | 5 |  5.3
Stealth        | |  2.4

Action                   |  1- 3 |  4- 6 |  7- 9 | 10-12 || total
-------------------------+-------+-------+-------+-------++-------
Melee: Unarmed           |     1 |     1 |       |       ||     2
       Kick              |       |     1 |       |     3 ||     4
       Dagger            |       |     1 |     1 |    21 ||    23
 Cast: Flame Tongue      |    18 |     3 |    41 |     9 ||    71
       Throw Flame       |     1 |       |     1 |       ||     2
       Conjure Flame     |     1 |       |    12 |     2 ||    15
       Sticky Flame      |       |     3 |     9 |    10 ||    22
       Mephitic Cloud    |       |       |     8 |     4 ||    12
       Bolt of Fire      |       |       |     5 |    40 ||    45
       Ignite Poison     |       |       |     6 |     4 ||    10
       Inner Flame       |       |       |     1 |       ||     1
       Freezing Cloud    |       |       |       |     3 ||     3
       Fireball          |       |       |       |     7 ||     7
  Use: Potion            |     3 |     1 |       |     1 ||     5
       Scroll            |     2 |       |       |     1 ||     3
 Stab: Sleeping          |       |     1 |       |     1 ||     2
       Confused          |       |       |       |     1 ||     1
  Eat: Chunk             |       |       |     1 |     6 ||     7
       Fruit             |       |       |     4 |       ||     4
       Royal jelly       |       |       |     2 |     5 ||     7
Armor: Robe              |     1 |     1 |       |       ||     2
Dodge: Dodged            |     6 |     5 |    12 |    24 ||    47
